AoeStats
← NichKing

Nomad

506005563Analyzed
2v2 RM · 22d ago on Sep 12, 2026· 36m 29s· 4 players
Game mode
Random Map
Map size
176×176
Population
200
Speed
Normal
Resources
Standard
Victory
Conquest
Starting age
Dark Age
Ending age
Imperial Age
RankedLock teamsTeams togetherTeam positionsShared explorationLock speedFull tech treeHidden civsTurbo modeCheats
Victory
Defeat
🇦🇷 Malians · Argentina
1310
+7
🇨🇱 Huns · Chile
1161
+13
🇺🇾 Huns · Uruguay
1091
-10
🇺🇾 Koreans · Uruguay
1085
-10
Muzan Kibut6411
3:12 Loom
12:48 Feudal Age
13:32 Double-Bit Axe
15:44 Fletching
21:50 Castle Age
19:48 Stone Mining
20:13 Fishing Lines
20:55 Gold Mining
23:11 Wheelbarrow
24:16 Medium Warships
27:38 Gold Shaft Mining
31:25 Imperial Age
30:06 Scale Barding Armor
30:22 Gillnets
30:52 Town Watch
32:07 Bow Saw
32:15 Hand Cart
33:19 Horse Collar
37:24 Chemistry
36:45 Ballistics
36:57 Bodkin Arrow
Lanzarote
3:09 Loom
15:42 Feudal Age
20:20 Castle Age
19:45 Double-Bit Axe
22:21 Bow Saw
23:20 Caravan
23:24 Scale Mail Armor
24:54 Chain Mail Armor
25:26 Gold Mining
28:33 Gold Shaft Mining
31:39 Horse Collar
33:23 Wheelbarrow
33:08 Stone Mining
34:44 Fletching
36:30 Hand Cart
NichKing
6:51 Loom
14:02 Feudal Age
16:16 Town Watch
16:30 Double-Bit Axe
18:47 Castle Age
17:59 Horse Collar
18:06 Fishing Lines
19:29 Fletching
20:42 Padded Archer Armor
24:11 Bodkin Arrow
24:51 Wheelbarrow
25:21 Ballistics
24:57 Gold Mining
27:33 Gold Shaft Mining
27:11 Bow Saw
29:05 Thumb Ring
30:36 Wheelbarrow
30:51 Leather Archer Armor
32:11 Gold Shaft Mining
31:55 Hand Cart
Gyurkobeats
9:54 Loom
12:59 Feudal Age
13:45 Double-Bit Axe
16:11 Gold Mining
19:22 Horse Collar
22:08 Wheelbarrow
25:14 Castle Age
25:19 Crossbowman
26:05 Thumb Ring
Connection lost

Rejoining the realm…

Still unreachable

The connection could not be restored.

Session expired

The server has moved on; the page needs a fresh start.